 Dungeon Crawl Stone Soup version 0.21.1-1-g345015f (webtiles) character file.

51 lotte the Magician (level 3, -7/19 HPs)
             Began as a Deep Elf Wizard on June 30, 2018.
             Mangled by an orc warrior
             ... wielding a cursed +0 trident
              (25 damage)
             ... on level 2 of the Dungeon.
             The game lasted 00:08:53 (2679 turns).

lotte the Magician (Deep Elf Wizard)                Turns: 2679, Time: 00:08:54

Health: -7/19      AC:  2    Str:  4    XL:     3   Next: 58%
Magic:  10/12      EV: 13    Int: 23    God:
Gold:   71         SH:  0    Dex: 13    Spells: 9/14 levels left

rFire    . . .     SeeInvis .   i - +4 dagger
rCold    . . .     Gourm    .   (no shield)
rNeg     . . .     Faith    .   a - +0 robe
rPois    .         Spirit   .   b - +0 hat
rElec    .         Reflect  .   (no cloak)
rCorr    .         Harm     .   (no gloves)
MR       .....                  (no boots)
Stlth    ++........             (no amulet)
HPRegen  0.06/turn              (no ring)
MPRegen  0.13/turn              (no ring)

@: no status effects
A: no striking features
a: no special abilities


You were on level 2 of the Dungeon.
You were not hungry.

You visited 1 branch of the dungeon, and saw 2 of its levels.

You collected 71 gold pieces.

Inventory:

Hand Weapons
 i - a +4 dagger (weapon)
Armour
 a - a +0 robe (worn)
 b - a +0 hat (worn)
 k - a +1 leather armour of magic resistance
Scrolls
 e - 2 scrolls of immolation {unknown}
 f - 4 scrolls of identify {unknown}
 g - a scroll of blinking {unknown}
Potions
 h - a potion of curing {unknown}
Books
 c - a book of Minor Magic

   Spells                             Type                      Level
   a - Magic Dart                     Conjuration                  1
   b - Blink                          Translocation                2
   c - Call Imp                       Summoning                    2
   d - Slow                           Hexes                        2
   e - Conjure Flame                  Conjuration/Fire             3
   f - Mephitic Cloud                 Conjuration/Poison/Air       3
Comestibles
 d - 3 rations


   Skills:
 - Level 0.1 Short Blades
 - Level 2.5 Dodging
 - Level 2.4 Stealth
 + Level 6.1 Spellcasting
 + Level 1.7 Conjurations
 + Level 1.1 Summonings
   Level 1.1 Translocations


You had 9 spell levels left.
You knew the following spells:

 Your Spells              Type           Power        Failure   Level  Hunger
a - Magic Dart            Conj           ###.         4%          1    None
b - Call Imp              Summ           ##......     8%          2    None
c - Slow                  Hex            #.......     13%         2    None


Dungeon Overview and Level Annotations

Branches:
Dungeon (2/15)

Altars:
The Shining One


Message History

Aiming: Magic Dart
Press: ? - help, Shift-Dir - straight line, f/p - orc
Aim: an orc, wielding a morningstar and wearing a leather armour (heavily wounded)
The magic dart hits the orc.
The orc is heavily wounded.
The orc warrior shouts!
Casting: Magic Dart
Confirm with . or Enter, or press ? or * to list all spells.
Aiming: Slow
Press: ? - help, Shift-Dir - straight line, f/p - orc
Aim: an orc, wielding a morningstar and wearing a leather armour (moderately wounded, chance to defeat MR: 59%)
The orc resists with significant effort.
The orc hits you with a morningstar. The orc barely misses you.
You see here a club.
The orc misses you. The orc barely misses you.
The orc warrior hits you from afar with a trident!!
Ouch! That really hurt!
You die...

#.###..........# #.# #.#
##)######'## #.# #.# #..#
#.# #.##### #.# ##.## #.#
#.#.... #.# #.o# #.#
#.#.### #.# ##o## #.#
#.#.... #.# #.o# #.#
#.#.... #.# ##.###.#
#...... #.# #.@##.#
###.... #.# ##.##.# #....
#.# #..#.# #.... #.# ###
##.#.# #.### #.# #.#
#.#.# #.# #.#
#.#####...#########.#
#.###.).........)........
#............>.#########.
#####.####.#.#.####### #


You could see an orc warrior and 2 orcs.

Vanquished Creatures
  An ooze (D:1)
  A worm (D:2)
  A dart slug (D:2)
  4 leopard geckos
  4 bats (D:2)
  A giant cockroach (D:2)
  5 goblins
  4 hobgoblins
  2 frilled lizards (D:2)
  5 kobolds
  9 rats
37 creatures vanquished.

Vanquished Creatures (collateral kills)
  A worm (D:2)
  A rat (D:2)
2 creatures vanquished.

Grand Total: 39 creatures vanquished

Notes
Turn   | Place    | Note
-------+----------+-------------------------------------------
     0 | D:1      | lotte the Deep Elf Wizard began the quest for the Orb.
     0 | D:1      | Reached XP level 1. HP: 10/10 MP: 7/7
   887 | D:1      | Reached skill level 5 in Spellcasting
   887 | D:1      | Reached XP level 2. HP: 11/15 MP: 1/10
  1650 | D:2      | Learned a level 2 spell: Call Imp
  1653 | D:2      | Learned a level 2 spell: Slow
  1734 | D:2      | Reached XP level 3. HP: 17/19 MP: 3/12
  2017 | D:2      | Found a glowing golden altar of the Shining One.
  2318 | D:2      | Reached skill level 6 in Spellcasting
  2659 | D:2      | Noticed an orc warrior
  2679 | D:2      | Mangled by an orc warrior

Skill      XL: |  1  2  3 |
---------------+----------+-----
Spellcasting   | 5 6 |  6.1
Short Blades   | |  0.1
Dodging        | |  2.5
Stealth        | |  2.4
Conjurations   | |  1.7
Summonings     | |  1.1
Translocations | |  1.1

Action                   || total
-------------------------++-------
Melee: Dagger            ||    11
       Unarmed           ||     5
 Cast: Magic Dart        ||    93
       Call Imp          ||     4
       Slow              ||     1
  Eat: Chunk             ||     5
Armor: Robe              ||     6
Dodge: Dodged            ||    23
